Map: Cerulean Fall LE

Players

Zanster

  • Race: Zerg Zerg
  • Spawn Location: 7:00

Lambo - Winner!

  • Race: Zerg Zerg
  • Spawn Location: 1:00

Event: WCS Montreal 2018

VOD

Have the link to the VOD?

Description

Time

  • Played on: Sept. 8, 2018, 11:45 a.m.
  • Length: 6:00

All games in this series

Show
View Real Time Build Order
Export as new Build Order

Zanster Zerg 

Build Orders: Hatch First 

Get SALT Encoding   

  12  0:00  Drone  
  13  0:12  Overlord  
  13  0:17  Drone  
  14  0:31  Drone x2  
  16  0:49  Hatchery  
  15  0:52  Drone  
  15  0:55  Drone  
  17  1:09  Spawning Pool  
  16  1:12  Drone  
  16  1:14  Extractor  
  16  1:18  Drone  
  17  1:22  Drone  
  18  1:29  Drone  
  19  1:39  Drone  
  20  1:49  Overlord  
  20  2:01  Queen x2  
  24  2:09  Drone  
  24  2:10  Drone  
  24  2:12  Drone  
  24  2:13  Drone  
  28  2:22  Drone x2  
  30  2:32  Drone  
  30  2:33  Drone  
  32  2:46  Drone, Hatchery  
  32  2:50  Baneling Nest  
  31  2:53  Overlord  
  31  2:57  Zergling x2  
  31  2:58  Drone  
  33  3:10  Drone x3  
  33  3:12  Drone x4  
  40  3:16  Evolution Chamber  
  40  3:17  Drone  
  41  3:21  Overlord  
  41  3:23  Lair  
  41  3:27  Roach Warren  
  41  3:28  Drone  
  41  3:30  Drone  
  42  3:38  Extractor x2  
  42  3:42  Drone x6  
  46  3:48  Drone x3  
  46  3:54  Overlord  
  46  3:55  Zerg Missile Weapons Level 1  
  48  4:00  Overlord  
  48  4:06  Overlord  
  48  4:14  Roach  
  48  4:15  Roach x4  
  58  4:20  Roach x2  
  62  4:25  Roach  
  62  4:29  Overseer  
  64  4:33  Roach  
  64  4:37  Roach  
  68  4:41  Roach x5  
  68  4:43  Overlord  
  78  4:50  Roach x3  
  72  5:00  Roach x2  
  63  5:12  Roach  
  57  5:16  Drone x6  
  55  5:26  Roach x2  
  41  5:36  Roach  
Show
View Real Time Build Order
Export as new Build Order

Lambo Zerg - Winner!

Build Orders: Hatch First, Roach Nydus 

Get SALT Encoding   

  12  0:00  Drone  
  13  0:12  Overlord  
  13  0:17  Drone  
  14  0:30  Drone x2  
  16  0:48  Hatchery  
  15  0:51  Drone  
  15  0:55  Drone  
  17  1:09  Spawning Pool  
  17  1:11  Extractor  
  15  1:13  Drone  
  15  1:18  Drone  
  17  1:21  Drone  
  18  1:28  Drone  
  19  1:39  Drone  
  20  1:50  Overlord  
  20  1:55  Queen  
  20  2:00  Queen, Drone x2  
  26  2:11  Drone x2  
  28  2:22  Drone x2  
  30  2:33  Drone x2  
  30  2:36  Queen  
  34  2:37  Lair  
  34  2:43  Overlord  
  34  2:48  Drone  
  35  2:56  Evolution Chamber  
  35  2:57  Drone x2  
  36  2:58  Roach Warren  
  36  3:03  Drone x2  
  36  3:04  Drone  
  38  3:06  Drone  
  38  3:10  Drone  
  40  3:12  Extractor  
  40  3:14  Extractor  
  40  3:15  Drone x2  
  40  3:17  Drone  
  41  3:30  Overlord  
  41  3:37  Overlord  
  41  3:39  Queen  
  43  3:50  Nydus Network  
  43  3:52  Overlord  
  43  3:55  Roach x4  
  50  3:59  Roach  
  50  4:02  Roach  
  54  4:05  Roach  
  56  4:11  Roach x2  
  56  4:15  Roach x2  
  64  4:20  Roach  
  66  4:27  Nydus Canal  
  66  4:29  Roach  
  66  4:31  Overlord  
  68  4:36  Overlord  
  68  4:51  Roach x3  
  74  4:58  Roach x2  
  76  5:02  Nydus Canal, Roach  
  76  5:05  Roach  
  78  5:07  Roach  
  78  5:13  Roach x2  
  68  5:23  Queen  
  68  5:28  Drone x2  
  64  5:34  Drone x2  
  58  5:44  Spire, Extractor  
  58  5:46  Drone x2  
Tags
 
Add a new tag
Caveats
  • Supply blocks, unpowered buildings, or Contaminate may cause inaccurate times.
  • Supply counts are checked every 10 seconds.